 Dungeon Crawl Stone Soup version 0.21-a0-591-g2314aa1 (webtiles) character file.

1558 Amnesiac the Chiller (level 8, 0/44 HPs)
             Began as a Deep Elf Ice Elementalist on Dec 22, 2017.
             Was an Initiate of Ashenzari.
             Slain by a black bear (4 damage)
             ... on level 8 of the Dungeon.
             The game lasted 00:11:28 (6974 turns).

Amnesiac the Chiller (Deep Elf Ice Elementalist)    Turns: 6974, Time: 00:11:29

Health: 0/44       AC:  4    Str:  5    XL:     8   Next: 58%
Magic:  5/18       EV: 13    Int: 23    God:    Ashenzari [......]
Gold:   349        SH:  5    Dex: 15    Spells: 4/18 levels left

rFire    + . .     SeeInvis .   A - +9 rapier of Indomitability {flame, rElec rC+}
rCold    + + .     Gourm    .   o - +0 buckler
rNeg     . . .     Faith    .   a - +0 robe
rPois    .         Spirit   .   C - +0 helmet
rElec    +         Reflect  .   d - scarf {rC+ rF+}
rCorr    .         Harm     .   E - +0 pair of gloves
MR       .....                  (no boots)
Stlth    ++........             (no amulet)
HPRegen  0.14/turn              (no ring)
MPRegen  0.16/turn              (no ring)

@: no status effects
A: no striking features
a: Curse Item, Renounce Religion


You were on level 8 of the Dungeon.
You worshipped Ashenzari.
Ashenzari was noncommittal.
You were hungry.

You visited 2 branches of the dungeon, and saw 9 of its levels.

You collected 349 gold pieces.

Inventory:

Hand Weapons
 A - the +9 rapier of Indomitability (weapon) {flame, rElec rC+}
   (You found it on level 5 of the Dungeon)

   It has been specially enchanted to burn those struck by it, causing extra
   injury to most foes and up to half again as much damage against particularly
   susceptible opponents.
   It protects you from cold.
   It insulates you from electricity.
Missiles
 e - 279 stones (quivered)
 y - 10 poisoned needles
Armour
 a - a +0 robe (worn)
 d - a scarf of resistance (worn)
 o - a +0 buckler (worn)
 C - a +0 helmet (worn)
 E - a +0 pair of gloves (worn)
Wands
 x - a wand of digging (14)
 z - a wand of scattershot (5)
 B - a wand of disintegration (17)
Scrolls
 h - 8 scrolls of remove curse {!r}
 i - 5 scrolls of enchant armour {!r, unknown}
 k - 9 scrolls of identify {!r, unknown}
 n - 2 scrolls of amnesia {!r, unknown}
 q - 3 scrolls of teleportation {!r, unknown}
 s - a scroll of magic mapping {!r, unknown}
 t - a scroll of fear {!r, unknown}
 u - a scroll of fog {!r, unknown}
 D - a scroll of random uselessness {!r, unknown}
 F - a scroll of noise {!r, unknown}
Potions
 f - 3 potions of curing {!q, unknown}
 g - a potion of mutation {!q, unknown}
 j - 2 potions of lignification {!q}
 l - a potion of degeneration {!q, unknown}
 m - a potion of berserk rage {!q, unknown}
 p - a potion of magic {!q, unknown}
 r - a potion of agility {!q, unknown}
 v - 3 potions of haste {!q, unknown}
 w - a potion of heal wounds {!q, unknown}
 I - a potion of resistance {!q, unknown}
Books
 b - a book of Frost

   Spells                             Type                      Level
   a - Freeze                         Ice                          1
   b - Throw Frost                    Conjuration/Ice              2
   c - Ozocubu's Armour               Charms/Ice                   3
   d - Throw Icicle                   Conjuration/Ice              4
   e - Summon Ice Beast               Ice/Summoning                4
 H - a book of Geomancy

   Spells                             Type                      Level
   a - Sandblast                      Earth                        1
   b - Passwall                       Transmutation/Earth          2
   c - Stone Arrow                    Conjuration/Earth            3
   d - Petrify                        Transmutation/Earth          4
   e - Lee's Rapid Deconstruction     Earth                        5
Comestibles
 c - 13 rations
 G - 3 chunks of flesh


   Skills:
 + Level 2.0 Fighting
 - Level 2.4 Dodging
 - Level 2.4 Stealth
 - Level 4.0 Shields
 + Level 5.7 Spellcasting
 * Level 6.8 Conjurations
 * Level 6.9 Ice Magic


You had 4 spell levels left.
You knew the following spells:

 Your Spells              Type           Power        Failure   Level  Hunger
a - Freeze                Ice            ####         1%          1    None
b - Ozocubu's Armour      Chrm/Ice       ###.....     6%          3    #......
c - Summon Ice Beast      Ice/Summ       ###.....     21%         4    ###....
d - Throw Icicle          Conj/Ice       #####...     4%          4    ###....
e - Passwall              Tmut/Erth      #.........   13%         2    None


Dungeon Overview and Level Annotations

Branches:
Dungeon (8/15)             Temple (1/1) D:7            Lair (0/6) D:8

Altars:
Ashenzari
Cheibriados
Elyvilon
Fedhas
Qazlal
Ru
Sif Muna
Trog
Vehumet
Xom
Zin


Message History

The shard of ice hits the death yak.
The death yak is heavily wounded.
A howler monkey comes into view.
You found a teleport trap!
The orc priest shouts!
The orc shouts! x2
Really walk into that teleport trap?
You enter a teleport trap!
The teleport trap disappears.
Your surroundings suddenly seem different.
An adder, a black bear, a worker ant, a killer bee, 4 wights and 3 howler monkeys come into view.
The black bear growls angrily.
The howler monkey howls!
The adder hisses angrily.
The worker ant twitches its antennae in your direction.
The howler monkey howls!
The killer bee buzzes angrily.
The howler monkey howls!
You hear an angry buzzing noise. x4
You hear a shout!
The howler monkey hoots and howls with incredible vigour!
The adder barely misses you. The black bear barely misses you.
The black bear claws you. The black bear closely misses you.
A centaur comes into view.
The centaur shouts!
You hear a shout! x3; You hear a screech!
A killer bee and a wight come into view. 2 killer bees come into view.
The killer bee buzzes angrily.
The killer bee moves out of view.
The howler monkey hoots and howls with incredible vigour!
The wight hits you with a spear. The black bear bites you.
The black bear claws you. The black bear barely misses you.
The howler monkey barely misses you.
You hear a croak.
The killer bee buzzes angrily.
You puncture the adder! You burn the adder.
You kill the adder!
The worker ant closely misses you. The killer bee closely misses you.
The howler monkey hits you. The wight closely misses you.
The black bear closely misses you. The black bear claws you.
The black bear closely misses you. The worker ant barely misses you.
A killer bee comes into view.
The killer bee stings you but does no damage.
The wight misses you. The black bear bites you!
* * * LOW HITPOINT WARNING * * *
The black bear claws you.
* * * LOW HITPOINT WARNING * * *
You block the black bear's attack.
Found a stone staircase leading down.
You see here an adder corpse.
The killer bee stings you.
* * * LOW HITPOINT WARNING * * *
The howler monkey hoots and howls with incredible vigour!
You block the killer bee's attack. The killer bee closely misses you.
The wight closely misses you.
The killer bee stings you but does no damage.
You hear a shout!
A bullfrog comes into view.
The bullfrog gives a loud, deep croak!
You hear a loud, deep croak!
You hear a screech!
You hear a shout!
The killer bee barely misses you.
The howler monkey hoots and howls with incredible vigour!
The killer bee stings you.
* * * LOW HITPOINT WARNING * * *
The killer bee misses you. The black bear bites you.
* * * LOW HITPOINT WARNING * * *
The black bear closely misses you. The black bear claws you.
You die...

### ### #.. #>. +..
#.### .# #.. #...
.# #.. #..# .# #..
#..#+#.# ##
.#######y.y...#####
..F....@yyhy.......
########hzzh.......
#.....a.z.......
...####cz.z.....
... #..h...... ..
#......... .
########+#


You could see a black bear, a bullfrog, a centaur, 3 howler monkeys, a worker
ant, 5 killer bees and 5 wights.

Vanquished Creatures
  A wyvern (D:8)
  2 sky beasts
  3 phantoms
  An ogre (D:5)
  A centaur (D:7)
  A bullfrog (D:8)
  2 scorpions
  2 jellies
  An orc priest (D:4)
  A hound (D:6)
  Terence (D:2)
  3 iguanas
  Natasha (twice) (D:3)
  2 orc wizards
  5 worker ants
  A hound skeleton (D:8)
  5 adders
  3 shadow imps (D:5)
  An adder zombie (D:6)
  6 adder skeletons
  2 worms
  A dart slug (D:2)
  4 leopard geckos
  13 orcs
  3 ball pythons
  5 bats
  2 giant cockroaches (D:1)
  5 goblins
  7 hobgoblins
  8 kobolds
  4 quokkas (D:5)
  3 frilled lizards
  A giant cockroach zombie (D:6)
  A jackal zombie (D:6)
  A leopard gecko skeleton (D:7)
  A quokka skeleton (D:4)
  A quokka zombie (D:6)
  8 rats
114 creatures vanquished.

Notes
Turn   | Place    | Note
-------+----------+-------------------------------------------
     0 | D:1      | Amnesiac the Deep Elf Ice Elementalist began the quest for the Orb.
     0 | D:1      | Reached XP level 1. HP: 10/10 MP: 6/6
   117 | D:1      | You fall through a shaft!
   165 | D:2      | Reached XP level 2. HP: 15/15 MP: 1/8
   750 | D:1      | Reached XP level 3. HP: 19/19 MP: 8/10
  1140 | D:2      | Learned a level 3 spell: Ozocubu's Armour
  1208 | D:2      | Noticed Terence
  1218 | D:2      | Killed Terence
  1553 | D:2      | Reached XP level 4. HP: 22/24 MP: 7/12
  1813 | D:2      | Found a shimmering altar of Xom.
  2059 | D:3      | Learned a level 4 spell: Throw Icicle
  2089 | D:3      | Noticed Natasha
  2095 | D:3      | Killed Natasha
  2095 | D:3      | Reached skill level 5 in Ice Magic
  2427 | D:3      | Reached skill level 1 in Shields
  2427 | D:3      | Reached XP level 5. HP: 28/28 MP: 10/13
  2608 | D:3      | Noticed Natasha
  2613 | D:3      | Killed Natasha
  2901 | D:4      | Reached XP level 6. HP: 4/32 MP: 10/14
  3216 | D:4      | Found a bloodstained altar of Trog.
  3544 | D:4      | Learned a level 4 spell: Summon Ice Beast
  3622 | D:5      | Entered Level 5 of the Dungeon
  3880 | D:5      | Got an ivory rapier
  3887 | D:5      | Identified the +9 rapier of Indomitability {flame, rElec rC+} (You found it on level 5 of the Dungeon)
  4142 | D:5      | Found a deep blue altar of Sif Muna.
  4186 | D:5      | You fall through a shaft for 3 floors!
  4219 | D:8      | Reached XP level 7. HP: 31/36 MP: 10/15
  4272 | D:8      | Noticed a wyvern
  4813 | D:6      | Found a glowing silver altar of Zin.
  4842 | D:6      | Reached skill level 5 in Conjurations
  5553 | D:5      | Found a deep blue altar of Sif Muna.
  5629 | D:5      | Reached skill level 1 in Fighting
  5749 | D:6      | Reached XP level 8. HP: 21/43 MP: 13/17
  5753 | D:6      | Reached skill level 5 in Spellcasting
  6463 | D:7      | Found a staircase to the Ecumenical Temple.
  6472 | Temple   | Entered the Ecumenical Temple
  6479 | Temple   | Became a worshipper of Ashenzari the Shackled
  6529 | D:7      | Learned a level 2 spell: Passwall
  6936 | D:8      | Found a staircase to the Lair.
  6936 | D:8      | Noticed a death yak
  6936 | D:8      | Noticed a death yak
  6974 | D:8      | Slain by a black bear

Vault maps used:
D:1:      minmay_arrival_four_houses, st_stairs_6
D:2:      tgw_xom, uniq_terence
D:3:      first_ration, uniq_natasha
D:4:      trog_book
D:5:      basic_altar
D:6:      kennysheep_little_box
D:7:      temple_fountains
D:8:      dpeg_lair_monsters
Temple:   compressed_dpeg_triangle_lava_temple

Skill      XL: |  1  2  3  4  5  6  7  8 |
---------------+-------------------------+-----
Ice Magic      | 4 5 6 |  6.9
Spellcasting   | 4 5 |  5.7
Shields        | 1 2 3 4 |  4.0
Conjurations   | 2 3 5 6 |  6.8
Fighting       | 1 2 |  2.0
Dodging        | |  2.4
Stealth        | |  2.4

Action                   |  1- 3 |  4- 6 |  7- 9 || total
-------------------------+-------+-------+-------++-------
Melee: Rapier            |       |    10 |    81 ||    91
Throw: Stone             |       |       |     1 ||     1
 Cast: Freeze            |    53 |    69 |    40 ||   162
       Throw Icicle      |       |     9 |     7 ||    16
       Ozocubu's Armour  |       |     1 |     3 ||     4
  Use: Potion            |       |     1 |       ||     1
 Stab: Sleeping          |       |     2 |     3 ||     5
  Eat: Chunk             |     1 |    10 |     6 ||    17
       Ration            |       |       |     1 ||     1
Armor: Robe              |     3 |     5 |    16 ||    24
Dodge: Dodged            |    31 |    33 |    74 ||   138
Block: Buckler           |       |       |    20 ||    20

Table legend:
 A = Spawn XP
 B = Non-spawn XP
 C = Spawn XP percentage of total XP
 D = Spawn monster count
 E = Non-spawn monster count
 F = Spawn count percentage of total count
 G = Total turns spent on level
                    A         B        C        D         E        F      G
               +---------+---------+-------+---------+---------+-------+---------
         Total |       0 |    2226 |   0.0 |       0 |     114 |   0.0 |  6974
               +---------+---------+-------+---------+---------+-------+---------
           D:1 |       0 |      32 |   0.0 |       0 |      20 |   0.0 |   901
           D:2 |       0 |      73 |   0.0 |       0 |      20 |   0.0 |  1152
           D:3 |       0 |     167 |   0.0 |       0 |      13 |   0.0 |   685
           D:4 |       0 |     168 |   0.0 |       0 |      12 |   0.0 |   884
           D:5 |       0 |     486 |   0.0 |       0 |      17 |   0.0 |  1142
           D:6 |       0 |     512 |   0.0 |       0 |      13 |   0.0 |   923
           D:7 |       0 |     409 |   0.0 |       0 |      14 |   0.0 |   980
           D:8 |       0 |     379 |   0.0 |       0 |       5 |   0.0 |   290
               +---------+---------+-------+---------+---------+-------+---------
